 Dungeon Crawl Stone Soup version 0.23.2-1-ga50397a (webtiles) character file.

Game seed: 8707477151008747708

620 schauveau the Archer (level 7, 0/55 HPs)
             Began as a Centaur Hunter on Apr 25, 2019.
             Was a Follower of Okawaru.
             Slain by a gnoll sergeant
             ... wielding a +4 spear of pain
              (2 damage)
             ... on level 5 of the Dungeon.
             The game lasted 00:06:45 (3894 turns).

schauveau the Archer (Centaur Hunter)               Turns: 3894, Time: 00:06:47

Health: 0/55       AC:  4    Str: 14    XL:     7   Next: 22%
Magic:  7/7        EV: 12    Int: 10    God:    Okawaru [*.....]
Gold:   200        SH:  3    Dex: 12    Spells: 6/6 levels left

rFire    . . .     SeeInvis .   a - +1 shortbow
rCold    . . .     Gourm    .   (shield currently unavailable)
rNeg     . . .     Faith    .   c - +0 leather armour
rPois    .         Spirit   .   (no helmet)
rElec    .         Reflect  +   (no cloak)
rCorr    .         Harm     .   (no gloves)
MR       .....                  (no barding)
Stlth    +.........             m - +3 amulet of reflection
HPRegen  0.18/turn              s - +3 ring of evasion
MPRegen  0.10/turn              (no ring)

@: very quick
A: large, hooves 3, deformed body, speed 2, tough skin 3
a: Heroism, Renounce Religion


You were on level 5 of the Dungeon.
You worshipped Okawaru.
Okawaru was aware of your devotion.
You were hungry.

You visited 2 branches of the dungeon, and saw 6 of its levels.

You collected 200 gold pieces.

Inventory:

Hand Weapons
 a - a +1 shortbow (weapon)
 b - a +0 short sword
Missiles
 d - 11 arrows (quivered)
 g - 68 sling bullets
 k - 116 stones
 o - 20 poisoned needles
 u - 3 tomahawks
 x - a throwing net
Armour
 c - a +0 leather armour (worn)
Jewellery
 m - a +3 amulet of reflection (around neck)
 s - a +3 ring of evasion (left hand)
Scrolls
 l - 3 scrolls of identify {unknown}
 n - a scroll of magic mapping {unknown}
 p - 3 scrolls of remove curse {unknown}
 q - a scroll of teleportation {unknown}
 t - a scroll of noise {unknown}
 v - a scroll of immolation {unknown}
 w - 2 scrolls of amnesia {unknown}
 y - a scroll of fear {unknown}
Potions
 e - 2 potions of curing {unknown}
 h - a potion of lignification {unknown}
 i - 2 potions of agility {unknown}
 j - a potion of haste {unknown}
 r - a potion of might {unknown}
 z - a potion of brilliance {unknown}
Comestibles
 f - 14 rations


   Skills:
 - Level 2.0 Fighting
 * Level 11.3 Bows
 - Level 1.3 Dodging
 - Level 0.4 Stealth


You had 6 spell levels left.
You didn't know any spells.
Your spell library was empty.

Dungeon Overview and Level Annotations

Branches:
Dungeon (5/15)             Temple (1/1) D:5

Altars:
Ashenzari
Dithmenos
Elyvilon
Fedhas
Gozag
Kikubaaqudgha
Nemelex Xobeh
Okawaru
Qazlal
Ru
Sif Muna
Trog
Vehumet
Wu Jian
Yredelemnul
Zin

Shops:
D:5 =


Innate Abilities, Weirdness & Mutations

You have hooves in place of feet.
Armour fits poorly on your strangely shaped body.
You cover ground very quickly.
You have extremely tough skin. (AC +3)


Message History

You shoot an arrow.
The arrow hits the gnoll sergeant but does no damage.
Firing (i - inventory. (/) - cycle)
d - 13 arrows (quivered)
Press: ? - help, Shift-Dir - straight line, f/p - gnoll sergeant
Aim: a gnoll sergeant, wielding a +4 spear of pain, wearing a cursed +0 ring mail and wearing a +0 buckler You shoot an arrow.
The arrow hits the gnoll sergeant but does no damage.
Firing (i - inventory. (/) - cycle)
d - 12 arrows (quivered)
Press: ? - help, Shift-Dir - straight line, f/p - gnoll sergeant
Aim: a gnoll sergeant, wielding a +4 spear of pain, wearing a cursed +0 ring mail and wearing a +0 buckler You shoot an arrow.
The arrow hits the gnoll sergeant!
The gnoll sergeant is moderately wounded.
The gnoll sergeant hits you from afar with a +4 spear of pain!
* * * LOW HITPOINT WARNING * * *
You writhe in agony.
* * * LOW HITPOINT WARNING * * *
The gnoll sergeant hits you from afar with a +4 spear of pain!
* * * LOW HITPOINT WARNING * * *
You writhe in agony.
You die...

###[....# # #......#
## #......### #P
#.<......####
#........#P#.
#............
##......#..P#.
#######...........##
#..@.g.............P
#....g(.............
#......g............
#........g(.......#.
##########g.......##
##.###.#### #.#
#.##.. ##.# #.....
#.g#####...


You could see a gnoll sergeant and 4 gnolls.

Vanquished Creatures
  A sky beast (D:5)
  2 ogres
  A scorpion (D:4)
  A howler monkey (D:3)
  A crimson imp (D:4)
  An orc wizard (D:3)
  Terence (D:2)
  An iguana (D:4)
  2 worker ants (D:4)
  3 adders (D:2)
  A worm (D:2)
  2 dart slugs
  4 leopard geckos
  4 orcs (D:3)
  2 ball pythons
  7 bats
  5 giant cockroaches
  7 goblins
  2 hobgoblins
  11 jackals
  9 kobolds
  6 frilled lizards
  A giant cockroach zombie (D:4)
  11 rats
86 creatures vanquished.

Notes
Turn   | Place    | Note
-------+----------+-------------------------------------------
     0 | D:1      | schauveau the Centaur Hunter began the quest for the Orb.
     0 | D:1      | Reached XP level 1. HP: 17/17 MP: 1/1
   206 | D:1      | Reached XP level 2. HP: 24/24 MP: 2/2
   211 | D:1      | Reached skill level 6 in Bows
   819 | D:3      | Reached skill level 7 in Bows
   819 | D:3      | Reached XP level 3. HP: 25/29 MP: 3/3
   897 | D:4      | Noticed an ogre
   915 | D:4      | Noticed an ogre
   951 | D:3      | Killed an ogre
   951 | D:3      | Reached skill level 8 in Bows
   951 | D:3      | Reached XP level 4. HP: 36/36 MP: 4/4
   951 | D:3      | Reached XP level 5. HP: 41/41 MP: 5/5
  1008 | D:5      | Entered Level 5 of the Dungeon
  1010 | D:5      | Found a staircase to the Ecumenical Temple.
  1037 | Temple   | Entered the Ecumenical Temple
  1113 | Temple   | Became a worshipper of Warmaster Okawaru
  1700 | D:2      | Noticed Terence
  1732 | D:2      | Killed Terence
  1732 | D:2      | Reached skill level 9 in Bows
  2027 | D:2      | Noticed a phantom
  2428 | D:3      | Reached XP level 6. HP: 34/48 MP: 6/6
  2816 | D:5      | Noticed a sky beast
  2981 | D:4      | Reached skill level 10 in Bows
  3373 | D:4      | Reached XP level 7. HP: 42/55 MP: 7/7
  3812 | D:5      | Reached * piety under Okawaru
  3812 | D:5      | Reached skill level 11 in Bows
  3863 | D:5      | Found Elonakhi's Jewellery Shop.
  3894 | D:5      | HP: 2/55 [gnoll sergeant/+4 spear of pain (7)]
  3894 | D:5      | Slain by a gnoll sergeant

Skill      XL: |  1  2  3  4  5  6  7 |
---------------+----------------------+-----
Bows           | 7 8 9 10 11 | 11.3
Fighting       | |  2.0
Dodging        | |  1.3
Stealth        | |  0.4

Action                   |  1- 3 |  4- 6 |  7- 9 || total
-------------------------+-------+-------+-------++-------
Melee: Short sword       |    47 |   167 |    11 ||   225
       Kick              |     5 |    33 |     3 ||    41
 Fire: Shortbow          |    53 |    46 |    18 ||   117
  Eat: Chunk             |       |     3 |       ||     3
       Ration            |       |     1 |       ||     1
Armor: Leather armour    |    26 |    49 |     8 ||    83
Dodge: Dodged            |    32 |    82 |     7 ||   121
Block: Other             |     6 |    28 |       ||    34
